 Dungeon Crawl Stone Soup version 0.19-a0-200-gccd4ce3 (webtiles) character file.

4472 AlphabetPasta the Covert (level 9, -2/70 HPs)
             Began as a Demigod Assassin on May 23, 2016.
             Slain by an orc wizard
             ... wielding a +1 dagger of distortion
              (5 damage)
             ... on level 8 of the Dungeon.
             The game lasted 01:03:01 (11873 turns).

AlphabetPasta the Covert (Demigod Assassin)        Turns: 11873, Time: 01:03:01

Health: -2/70      AC:  4    Str: 19    XL:     9   Next: 94%
Magic:  14/14      EV: 13    Int: 15    God:
Gold:   133        SH:  0    Dex: 26    Spells: 0 memorised, 8 levels left

rFire  . . .     SeeInvis +     c - +6 flail "Sioh Decw" {venom, rPois Dex+3}
rCold  . . .     Gourm    .     m - +0 robe
rNeg   . . .     Faith    .     (no shield)
rPois  +         Spirit   .     (no helmet)
rElec  .         Dismiss  .     d - +1 cloak
rCorr  .         Reflect  .     (no gloves)
SustAt +         Harm     .     (no boots)
MR     .....                    (no amulet)
Stlth  +++++.....               r - ring of poison resistance
                                o - ring of see invisible

@: mighty, lethally poisoned (-2 -> -3), very slightly contaminated, hasted,
very quick, not resistant to hostile enchantments, quite stealthy
A: high mp 1, sustain attributes
a: no special abilities


You were on level 8 of the Dungeon.
You were hungry.

You visited 2 branches of the dungeon, and saw 9 of its levels.

You collected 452 gold pieces.
You spent 319 gold pieces at shops.

Inventory:

Hand Weapons
 a - a +2 dagger of speed
 b - a +0 blowgun
 c - the +6 flail "Sioh Decw" (weapon) {venom, rPois Dex+3}
   (You took it off a gnoll on level 8 of the Dungeon)

   It poisons the flesh of those it strikes.
   It affects your dexterity (+3).
   It protects you from poison.
 s - a +1 dagger of electrocution
 v - a +0 rapier
Missiles
 e - 19 poisoned needles
 w - a javelin
 y - 6 needles of confusion
 z - 2 silver javelins
 G - 4 tomahawks (quivered)
Armour
 d - a +1 cloak (worn)
 m - a +0 robe (worn)
Jewellery
 o - a ring of see invisible (left hand)
 r - a ring of poison resistance (right hand)
 D - an uncursed ring of fire
Wands
 f - a wand of flame (24/48)
 l - a wand of iceblast (3/15)
 x - a wand of slowing (20/48)
Scrolls
 h - 5 scrolls of remove curse
 k - a scroll of recharging
Potions
 i - a potion of agility
 n - a potion of lignification {unknown}
 p - a potion of invisibility {unknown}
 q - 2 potions of flight
 t - a potion of mutation {unknown}
 u - a potion of heal wounds {unknown}
 A - 3 potions of haste
 B - 2 potions of berserk rage
 H - a potion of brilliance {unknown}
Comestibles
 g - 8 bread rations
 C - 10 chunks of flesh


   Skills:
 - Level 3.6 Fighting
 * Level 9.1 Short Blades
 + Level 0.3 Maces & Flails
 - Level 3.3 Throwing
 - Level 1.6 Dodging
 * Level 9.9 Stealth
 - Level 3.3 Evocations


You had 8 spell levels left.
You didn't know any spells.

Dungeon Overview and Level Annotations

Branches:
Dungeon (8/15)             Temple (1/1) D:7            Lair (0/8) D:8

Shops:
D:6 %   D:8 }%=


Innate Abilities, Weirdness & Mutations

You have an increased reservoir of magic. (+10% MP)
Your attributes are resistant to harm.


Message History

Drink which item? (? for menu, Esc to quit)
It was a potion of haste.
You feel yourself speed up.
You feel sick.
An orc wizard opens the door.
You are very lightly contaminated with residual magic.
Throwing (i - inventory. (,) - cycle):
G - 6 tomahawks (quivered)
Press: ? - help, Shift-Dir - straight line, f - orc wizard
Aim: an orc wizard, wielding a dagger of distortion and wearing a robe You throw a tomahawk.
The tomahawk hits the orc wizard but does no damage.
Throwing (i - inventory. (,) - cycle):
G - 5 tomahawks (quivered)
Press: ? - help, Shift-Dir - straight line, f/p - orc wizard
Aim: an orc wizard, wielding a dagger of distortion and wearing a robe You throw a tomahawk.
The tomahawk hits the orc wizard!
The orc wizard is heavily wounded.
You are feeling hungry.
You barely miss the orc wizard.
The orc wizard is heavily wounded.
You feel sick.
The orc wizard hits you with a dagger of distortion.
You die...

##.#.............####
#.#....o...........##
#.#†.....(...........
#.o#......o..........
#..#...y.y.....####<.
#..#####......## ###
#..###.#....(.##
##.(#⌠._######..######
##### ##)..o@..8#
#........ ....###
###)...#⌠._## ##.>.....
......###..)##.###.###
##......
..........####..####.##
#...... .........##
#........## ##.....
#........# #.........##
##.... ###...####
#......###.## #....
#..#### #......'∩#..##
##... ..##
##.....###...## ##..


You could see an orc wizard.

Vanquished Creatures
  A troll (D:8)
  Sigmund (D:6)
  A wyvern (D:8)
  Eustachio (D:6)
  2 hungry ghosts (D:8)
  Edmund (D:4)
  Duvessa (D:6)
  2 orc warriors
  2 ogres (D:5)
  An ice beast (D:7)
  A sky beast (D:7)
  A wolf (D:8)
  4 centaurs
  2 giant frogs (D:8)
  7 scorpions
  Dowan (D:6)
  9 killer bees
  An electric eel (D:8)
  3 howler monkeys
  2 crimson imps
  7 hounds
  A jelly (D:5)
  4 orc wizards
  A centaur skeleton (D:8)
  A giant frog skeleton (D:6)
  A gnoll shaman (D:6)
  Jessica (D:2)
  7 iguanas
  6 worker ants
  A hound zombie (D:8)
  2 hound skeletons (D:4)
  A worker ant zombie (D:6)
  12 gnolls
  8 adders
  2 shadow imps
  An ooze (D:7)
  2 adder skeletons
  2 worms
  3 dart slugs
  9 giant geckos
  32 orcs
  2 ball pythons
  4 giant cockroaches
  7 goblins
  15 hobgoblins
  16 jackals
  2 quokkas
  5 bats
  A giant cockroach zombie (D:5)
  A giant gecko skeleton (D:4)
  A giant gecko zombie (D:5)
  4 giant newts
  A jackal skeleton (D:8)
  A jackal zombie (D:5)
  7 kobolds
  A quokka skeleton (D:4)
  A quokka zombie (D:7)
  10 rats
227 creatures vanquished.

Vanquished Creatures (others)
  An orc wizard (D:4)
1 creature vanquished.

Grand Total: 228 creatures vanquished

Notes
Turn   | Place    | Note
--------------------------------------------------------------
     0 | D:1      | AlphabetPasta the Demigod Assassin began the quest for the Orb.
     0 | D:1      | Reached XP level 1. HP: 17/17 MP: 3/3
   131 | D:1      | Reached XP level 2. HP: 16/24 MP: 4/4
   854 | D:2      | Reached XP level 3. HP: 25/29 MP: 5/5
   891 | D:2      | Noticed Jessica
   911 | D:2      | Killed Jessica
  1382 | D:2      | Reached XP level 4. HP: 29/36 MP: 6/6
  2218 | D:3      | Found an opulent altar of Gozag.
  2825 | D:3      | Found a deep blue altar of Sif Muna.
  3163 | D:4      | Reached XP level 5. HP: 41/41 MP: 7/7
  3221 | D:4      | Reached skill level 5 in Stealth
  3456 | D:4      | Reached XP level 6. HP: 48/48 MP: 8/8
  3681 | D:4      | Noticed Edmund
  3712 | D:4      | Killed Edmund
  3839 | D:4      | Reached skill level 5 in Short Blades
  3988 | D:4      | Reached XP level 7. HP: 43/53 MP: 9/9
  4263 | D:4      | Reached skill level 1 in Evocations
  4405 | D:5      | Entered Level 5 of the Dungeon
  4545 | D:5      | Found an ancient bone altar of Kikubaaqudgha.
  5061 | D:5      | Reached XP level 8. HP: 60/60 MP: 12/12
  5911 | D:6      | Noticed Eustachio
  5970 | D:6      | Killed Eustachio
  6032 | D:6      | Noticed Duvessa
  6046 | D:6      | Noticed Dowan
  6052 | D:6      | Killed Dowan
  6062 | D:6      | Killed Duvessa
  6409 | D:6      | Noticed Sigmund
  6441 | D:6      | Killed Sigmund
  6498 | D:6      | Found Oteaniox's Food Shop.
  6537 | D:6      | Found a bloodstained altar of Trog.
  7634 | D:7      | Reached XP level 9. HP: 58/67 MP: 14/14
  8172 | D:7      | Found a staircase to the Ecumenical Temple.
  8182 | Temple   | Entered the Ecumenical Temple
  8253 | D:8      | Found an oddly glowing altar of Pakellas.
  8254 | D:8      | Found a snail-covered altar of Cheibriados.
  8929 | D:8      | Found Eseok's Jewellery Emporium.
  9210 | D:8      | Bought an uncursed ring of poison resistance for 300 gold pieces
  9397 | D:8      | Found a staircase to the Lair.
  9414 | D:8      | HP: 3/70 [electric eel/bolt of electricity (15)]
 10214 | D:8      | Found Pasourhoe's Food Shoppe.
 10231 | D:8      | Bought a beef jerky for 19 gold pieces
 10284 | D:8      | Reached skill level 1 in Dodging
 11601 | D:8      | Got an ancient flail {venom}
 11602 | D:8      | Identified the +6 flail "Sioh Decw" {venom, rPois Dex+3} (You took it off a gnoll on level 8 of the Dungeon)
 11715 | D:8      | Found Mauri's Gadget Shop.
 11873 | D:8      | HP: 3/70 [poisoned by a killer bee]
 11873 | D:8      | Slain by an orc wizard

Vault maps used:
D:1:      roderic_crossed_star, minmay_misc_feat_more_columns
D:2:      uniq_jessica
D:3:      marbit_many_paths, nicolae_gozag_cash_rules_everything_around_me,
          first_bread
D:4:      serial_forest, infiniplex_forest_clump_long,
          infiniplex_forest_clump_small, infiniplex_forest_end_double,
          infiniplex_forest_straight_2, infiniplex_forest_zigzag_1,
          infiniplex_forest_zigzag_2, infiniplex_forest_straight_2, st_stairs_7,
          uniq_edmund
D:5:      lemuel_crystal_altar
D:6:      overflow_temple_1_default, serial_shops, shop, fountainhead,
          uniq_sigmund, uniq_eustachio, uniq_duvessa
D:8:      gammafunk_temple_overflow_statue, erik_lair_island, serial_shops,
          shop, nicolae_shop_window_shopping, nicolae_shop_behind_doors, shop
Temple:   circular_temple_12

Skill      XL: |  1  2  3  4  5  6  7  8  9 |
---------------+----------------------------+-----
Short Blades   | 2 3 4 5 6 7 9 |  9.1
Stealth        | 4 5 6 7 8 9 |  9.9
Throwing       | 2 3 |  3.3
Evocations     | 2 3 |  3.3
Fighting       | 2 3 |  3.6
Dodging        | 1 |  1.6
Maces & Flails | |  0.3

Action                   |  1- 3 |  4- 6 |  7- 9 || total
-------------------------+-------+-------+-------++-------
Melee: Dagger            |   134 |   231 |   694 ||  1059
       Flail             |       |       |    14 ||    14
 Fire: Blowgun           |     6 |    32 |   122 ||   160
Throw: Throwing net      |       |     4 |    16 ||    20
       Javelin           |       |       |    37 ||    37
       Tomahawk          |       |       |    31 ||    31
Evoke: Wand              |       |       |     3 ||     3
  Use: Scroll            |       |     8 |     7 ||    15
       Potion            |       |       |     4 ||     4
 Stab: Sleeping          |     6 |     8 |    16 ||    30
       Distracted        |       |     1 |     4 ||     5
       Held in net/web   |       |     5 |    10 ||    15
       Confused          |       |       |     8 ||     8
  Eat: Chunk             |     2 |     8 |    21 ||    31
       Beef jerky        |       |       |     3 ||     3
       Pizza             |       |       |     1 ||     1
Armor: Robe              |    14 |    37 |    67 ||   118
Dodge: Dodged            |    65 |    84 |   271 ||   420
